 Dungeon Crawl Stone Soup version 0.26.0-16-gc1dbca0489 (webtiles) character file.

Game seed: 15611165330277958548

564 EnegeticOcto the Insei (level 7, -5/52 HPs)
             Began as a Gnoll Transmuter on Jan 18, 2021.
             Was an Initiate of Elyvilon.
             Killed by nerve-wracking pain
             ... invoked by an orc priest
              (12 damage)
             ... on level 5 of the Dungeon.
             The game lasted 00:06:33 (1013 turns).

EnegeticOcto the Insei (Gnoll Transmuter)           Turns: 1013, Time: 00:06:34

Health: -5/52      AC:  6    Str: 12    XL:     7   Next: 32%
Magic:  15/15      EV: 15    Int: 23    God:    Elyvilon [......]
Gold:   69         SH:  0    Dex: 16    Spells: 17/17 levels left

rFire    + . .     SeeInvis .     - Unarmed
rCold    . . .     Faith    .   (no shield)
rNeg     . . .     Spirit   .   h - +1 leather armour {rF+}
rPois    .         Reflect  .   f - +0 helmet
rElec    .         Harm     .   n - +0 cloak
rCorr    .         Rampage  .   (no gloves)
Will     .....                  (no boots)
Stlth    ++........             (no amulet)
HPRegen  0.17/turn              g - +6 ring of intelligence
MPRegen  0.14/turn              (no ring)

@: no status effects
A: distributed training, fangs 1, strong nose
a: Renounce Religion


You were on level 5 of the Dungeon.
You worshipped Elyvilon.
Elyvilon was noncommittal.
You visited 1 branch of the dungeon, and saw 6 of its levels.

You collected 76 gold pieces.
You donated 7 gold pieces to Zin.

Inventory:

Armour
 a - a +0 robe
 f - a +0 helmet (worn)
   (You found it on level 3 of the Dungeon)
 h - a +1 leather armour of fire resistance (worn)
   (You took it off an orc on level 3 of the Dungeon)
 n - a +0 cloak (worn)
   (You found it on level 5 of the Dungeon)
Jewellery
 g - a +6 ring of intelligence (left hand)
   (You found it on level 4 of the Dungeon)
Scrolls
 c - a scroll of magic mapping {@r5 !r}
 d - a scroll of remove curse {@r2}
 m - a scroll of immolation
Potions
 b - a potion of flight
 i - a potion of might {@q3 !q}
 j - a potion of cancellation


   Skills:
 + Level 3.5 Fighting
 + Level 2.4 Short Blades
 + Level 2.4 Long Blades
 + Level 2.4 Axes
 + Level 2.4 Maces & Flails
 + Level 2.4 Polearms
 + Level 2.4 Staves
 + Level 2.4 Slings
 + Level 2.4 Bows
 + Level 2.4 Crossbows
 + Level 2.4 Throwing
 + Level 2.4 Armour
 + Level 5.2 Dodging
 + Level 2.4 Stealth
 + Level 2.4 Shields
 + Level 7.0 Unarmed Combat
 + Level 5.6 Spellcasting
 + Level 2.0 Conjurations
 + Level 2.0 Hexes
 + Level 2.0 Summonings
 + Level 2.0 Necromancy
 + Level 2.0 Translocations
 + Level 4.3 Transmutations
 + Level 2.0 Fire Magic
 + Level 2.0 Ice Magic
 + Level 2.0 Air Magic
 + Level 2.0 Earth Magic
 + Level 2.0 Poison Magic
 + Level 2.6 Invocations
 + Level 2.4 Evocations


You had 17 spell levels left.
You didn't know any spells.
Your spell library contained the following spells:

 Spells                   Type           Power        Failure   Level
 Beastly Appendage        Tmut           52%          1%          1
 Wereblood                Tmut           26%          3%          2
 Corona                   Hex            16%          4%          1
 Ensorcelled Hibernation  Hex/Ice        30%          8%          2
 Spider Form              Tmut/Pois      10%          10%         3
 Confusing Touch          Hex            15%          16%         3
 Dazzling Flash           Conj/Hex       30%          16%         3
 Tukima's Dance           Hex            15%          16%         3
 Ice Form                 Ice/Tmut       20%          30%         4
 Blade Hands              Tmut           13%          47%         5


Dungeon Overview and Level Annotations

Branches:
Dungeon (6/15)
 Temple: D:4-7

Altars:
Elyvilon
Qazlal
Yredelemnul
Zin

Shops:
D:2 *


Innate Abilities, Weirdness & Mutations

Your experience applies equally to all skills.
You have very sharp teeth.
Your uncanny sense of smell can sniff out nearby items.


Message History

The iron imp is almost dead.
The iron imp disappears in a puff of smoke!
You barely miss the rat. Your bite misses the rat. The rat misses you.
You hit the rat but do no damage. You punch the rat.
The rat is heavily wounded.
The rat misses you.
You punch the rat!
You kill the rat!
The rat's corpse disappears in a puff of smoke!
You clear your throat and prepare to recite. "When the law of the land faltered, Zin rose..."
You closely miss Eustachio.
Eustachio is almost dead.
Eustachio gestures wildly while chanting.
You hit Eustachio but do no damage.
Eustachio is almost dead. "...from the silver throne, and the guilty were..."
Eustachio hits you with a +0 rapier of venom.
* * * LOW HITPOINT WARNING * * *
You are lethally poisoned!
You hit Eustachio.
You kill Eustachio!
The ufetubus disappears in a puff of smoke! "...ousted.
And it was thus that the law was made good."
You finish reciting Ablutions 25:18.
* * * LOW HITPOINT WARNING * * *
You feel sick.
Your Unarmed Combat skill increases to level 7!
You have reached level 7!
Really quaff
l - a potion of curing {@q1 !q}?
You feel better.
Things that are here:
a +0 rapier of venom; a +0 leather armour; the human corpse of Eustachio You see here a worker ant corpse.
Things that are here:
a +0 shortbow; 11 arrows An orc comes into view.
It is wielding a +0 flail.
A worker ant comes into view.
Found a white marble altar of Elyvilon.
You catch the helpless worker ant completely off-guard!
You punch the worker ant! Your bite misses the worker ant.
The worker ant is heavily wounded.
The worker ant bites you but does no damage.
You closely miss the worker ant.
The worker ant is heavily wounded.
The worker ant bites you but does no damage.
You closely miss the worker ant.
The worker ant is heavily wounded.
An orc priest comes into view. It is wielding a +0 war axe.
The worker ant barely misses you.
The orc priest shouts!
You punch the worker ant!
You kill the worker ant!
Your Conjurations skill increases to level 2!
Your Hexes skill increases to level 2!
Your Summonings skill increases to level 2!
Your Necromancy skill increases to level 2!
Your Translocations skill increases to level 2!
Your Fire Magic skill increases to level 2!
Your Ice Magic skill increases to level 2!
Your Air Magic skill increases to level 2!
Your Earth Magic skill increases to level 2!
Your Poison Magic skill increases to level 2!
An orc and an orc priest come into view.
The orc priest shouts!
The orc shouts!
You see here a worker ant corpse.
Really read
e - a scroll of fear {!r}?
As you read the scroll of fear {!r}, it crumbles to dust.
You assume a fearsome visage.
The orc looks frightened! x2
The orc priest looks frightened! x2
There is a white marble altar of Elyvilon here.
You kneel at the altar of Elyvilon.
You have lost your religion!
Elyvilon welcomes you!
Zin says: Farewell.
Go and aid the meek with Elyvilon.
You are ready to recite again.
The orc priest seems to regain its courage.
You hit the orc priest.
The orc priest is moderately wounded.
The orc priest misses you.
You hit the orc priest.
The orc priest is heavily wounded.
The orc priest hits you with a +0 war axe.
You hit the orc priest.
The orc priest is almost dead.
The orc priest calls down the wrath of Beogh upon you.
Pain shoots through your body!
* * * LOW HITPOINT WARNING * * *
You hit the orc priest.
The orc priest is almost dead.
You barely miss the orc priest.
The orc priest is almost dead.
The orc priest mumbles some strange prayers to Beogh against you.
Beogh smites you!
* * * LOW HITPOINT WARNING * * *
You hit the orc priest but do no damage.
The orc priest is almost dead.
The orc priest calls down the wrath of Beogh upon you.
Pain shoots through your body!
You die...

## .. .# ##### .#
##...## .#####
##.....######...
.....#
####....o@........#
.###.#
#............###.#.
.# #.#.#.####.####..#
.###.#...##.....##..#
......o..#.o.....#.##
####.###.#.......#.#
####.###....._.....#
.......#.#.......#.#
.......#o#.......#..#


You could see 2 orc priests.

Vanquished Creatures
  Eustachio (D:5)
  A sky beast (D:5)
  A centaur (D:5)
  A water moccasin skeleton (D:6)
  A scorpion (D:6)
  A hound (D:6)
  An iguana (D:6)
  2 worker ants (D:5)
  A hound skeleton (D:5)
  An adder (D:6)
  A white imp (D:5)
  An ooze (D:3)
  2 dart slugs
  2 orcs (D:3)
  2 giant cockroaches
  3 goblins
  2 hobgoblins (D:1)
  2 quokkas
  2 ball pythons (D:2)
  2 frilled lizards
  A giant cockroach zombie (D:6)
  3 kobolds (D:1)
  A leopard gecko skeleton (D:5)
  A spectral orc (D:3)
36 creatures vanquished.

Notes
Turn   | Place    | Note
-------+----------+-------------------------------------------
     0 | D:1      | EnegeticOcto the Gnoll Transmuter began the quest for the
                  | Orb.
     0 | D:1      | Reached XP level 1. HP: 17/17 MP: 6/6
    64 | D:1      | Reached XP level 2. HP: 17/23 MP: 7/7
   108 | D:2      | Found Zin's Purification Station.
   108 | D:2      | Found a glowing silver altar of Zin.
   129 | D:2      | Became a worshipper of Zin the Law-Giver
   245 | D:3      | Found a basalt altar of Yredelemnul.
   262 | D:3      | Reached XP level 3. HP: 27/28 MP: 9/9
   281 | D:3      | Reached skill level 5 in Spellcasting
   410 | D:5      | Entered Level 5 of the Dungeon
   434 | D:5      | Noticed a sky beast
   476 | D:5      | Killed a sky beast
   477 | D:5      | Reached skill level 1 in Short Blades
   477 | D:5      | Reached skill level 1 in Long Blades
   477 | D:5      | Reached skill level 1 in Axes
   477 | D:5      | Reached skill level 1 in Maces & Flails
   477 | D:5      | Reached skill level 1 in Polearms
   477 | D:5      | Reached skill level 1 in Staves
   477 | D:5      | Reached skill level 1 in Slings
   477 | D:5      | Reached skill level 1 in Bows
   477 | D:5      | Reached skill level 1 in Crossbows
   477 | D:5      | Reached skill level 1 in Throwing
   477 | D:5      | Reached skill level 1 in Armour
   477 | D:5      | Reached skill level 1 in Stealth
   477 | D:5      | Reached skill level 1 in Shields
   477 | D:5      | Reached skill level 1 in Conjurations
   477 | D:5      | Reached skill level 1 in Hexes
   477 | D:5      | Reached skill level 1 in Summonings
   477 | D:5      | Reached skill level 1 in Necromancy
   477 | D:5      | Reached skill level 1 in Translocations
   477 | D:5      | Reached skill level 1 in Fire Magic
   477 | D:5      | Reached skill level 1 in Ice Magic
   477 | D:5      | Reached skill level 1 in Air Magic
   477 | D:5      | Reached skill level 1 in Earth Magic
   477 | D:5      | Reached skill level 1 in Poison Magic
   477 | D:5      | Reached skill level 1 in Invocations
   477 | D:5      | Reached skill level 1 in Evocations
   477 | D:5      | Reached XP level 4. HP: 3/34 MP: 11/11
   477 | D:5      | Reached XP level 5. HP: 4/40 MP: 12/12
   477 | D:5      | HP: 1/40 [hound skeleton (3)]
   707 | D:6      | Reached skill level 3 in Fighting
   707 | D:6      | Reached skill level 4 in Transmutations
   716 | D:6      | Reached skill level 2 in Invocations
   716 | D:6      | Reached XP level 6. HP: 25/47 MP: 13/13
   753 | D:6      | Reached * piety under Zin
   787 | D:6      | Reached skill level 2 in Short Blades
   787 | D:6      | Reached skill level 2 in Long Blades
   787 | D:6      | Reached skill level 2 in Axes
   787 | D:6      | Reached skill level 2 in Maces & Flails
   787 | D:6      | Reached skill level 2 in Polearms
   787 | D:6      | Reached skill level 2 in Staves
   787 | D:6      | Reached skill level 2 in Slings
   787 | D:6      | Reached skill level 2 in Bows
   787 | D:6      | Reached skill level 2 in Crossbows
   787 | D:6      | Reached skill level 2 in Throwing
   787 | D:6      | Reached skill level 2 in Armour
   787 | D:6      | Reached skill level 5 in Dodging
   787 | D:6      | Reached skill level 2 in Stealth
   787 | D:6      | Reached skill level 2 in Shields
   787 | D:6      | Reached skill level 2 in Evocations
   834 | D:5      | Found a stormy altar of Qazlal.
   874 | D:5      | Noticed Eustachio
   959 | D:5      | Killed Eustachio
   960 | D:5      | Reached skill level 7 in Unarmed Combat
   960 | D:5      | Reached XP level 7. HP: 4/52 MP: 15/15
   985 | D:5      | Found a white marble altar of Elyvilon.
   990 | D:5      | Reached skill level 2 in Conjurations
   990 | D:5      | Reached skill level 2 in Hexes
   990 | D:5      | Reached skill level 2 in Summonings
   990 | D:5      | Reached skill level 2 in Necromancy
   990 | D:5      | Reached skill level 2 in Translocations
   990 | D:5      | Reached skill level 2 in Fire Magic
   990 | D:5      | Reached skill level 2 in Ice Magic
   990 | D:5      | Reached skill level 2 in Air Magic
   990 | D:5      | Reached skill level 2 in Earth Magic
   990 | D:5      | Reached skill level 2 in Poison Magic
   996 | D:5      | Fell from the grace of Zin
   996 | D:5      | Became a worshipper of Elyvilon the Healer
  1013 | D:5      | Killed from afar by an orc priest

Illustrated notes

Levels and vault maps discovered:
D:1:      minmay_arrival_wavy_path, layout_loops_ring, minivault_27,
          kennysheep_pointless_box
D:2:      layout_basic, lemuel_doored_altar, zin_purify
D:3:      layout_loops_ring, yredelemnul_forgotten_temple_becter,
          minmay_misc_feat_more_columns, uniq_jessica
D:4:      layout_basic, nicolae_ru_sacrificial_ziggurat
D:5:      layout_loops_corners, nicolae_qazlal_eye_of_the_storm,
          old_standard_altar, minmay_temple_entry_drinking_statues,
          uniq_blork_the_orc, uniq_eustachio, uniq_prince_ribbit1
D:6:      layout_cave_pods, kennysheep_vampire_church, marbit_many_paths,
          general_overflow_altar

Skill      XL: |  1  2  3  4  5  6  7 |
---------------+----------------------+-----
Spellcasting   | 5 |  5.6
Short Blades   | 1 2 |  2.4
Long Blades    | 1 2 |  2.4
Axes           | 1 2 |  2.4
Maces & Flails | 1 2 |  2.4
Polearms       | 1 2 |  2.4
Staves         | 1 2 |  2.4
Slings         | 1 2 |  2.4
Bows           | 1 2 |  2.4
Crossbows      | 1 2 |  2.4
Throwing       | 1 2 |  2.4
Armour         | 1 2 |  2.4
Stealth        | 1 2 |  2.4
Shields        | 1 2 |  2.4
Conjurations   | 1 2 |  2.0
Hexes          | 1 2 |  2.0
Summonings     | 1 2 |  2.0
Necromancy     | 1 2 |  2.0
Translocations | 1 2 |  2.0
Fire Magic     | 1 2 |  2.0
Ice Magic      | 1 2 |  2.0
Air Magic      | 1 2 |  2.0
Earth Magic    | 1 2 |  2.0
Poison Magic   | 1 2 |  2.0
Invocations    | 1 2 |  2.6
Evocations     | 1 2 |  2.4
Fighting       | 3 |  3.5
Transmutations | 4 |  4.3
Dodging        | 5 |  5.2
Unarmed Combat | 7 |  7.0

Action                   |  1- 3 |  4- 6 |  7- 9 || total
-------------------------+-------+-------+-------++-------
Melee: Unarmed           |    72 |   112 |    10 ||   194
       Bite              |    10 |     6 |       ||    16
       Punch             |     1 |     7 |       ||     8
Invok: Recite            |       |     3 |       ||     3
  Use: Scroll            |     2 |    10 |     1 ||    13
       Potion            |       |     3 |     1 ||     4
 Stab: Distracted        |     1 |     1 |     1 ||     3
       Sleeping          |     1 |       |       ||     1
Armor: Robe              |     4 |       |       ||     4
       Leather armour    |     9 |    14 |     2 ||    25
Dodge: Dodged            |    37 |    72 |     2 ||   111
